 Dungeon Crawl Stone Soup version 0.30-b1-2-g02819fbbbe (webtiles) character file.

Game seed: 4783168023477064813

2540 octothorp the Shooter (level 9, -5/57 HPs)
             Began as an Octopode Brigand on Aug 10, 2023.
             Was a Priest of Okawaru.
             Slain by Joseph
             ... wielding a +0 quarterstaff
              (21 damage)
             ... on level 7 of the Dungeon.
             The game lasted 01:25:40 (10354 turns).

octothorp the Shooter (Octopode Brigand)           Turns: 10354, Time: 01:25:41

Health: -5/57      AC:  1    Str: 10    XL:     9   Next: 55%
Magic:  10/12      EV: 16    Int: 14    God:    Okawaru [***...]
Gold:   615        SH:  0    Dex: 17    Spells: 0/8 levels left

rFire   + . .        a - +4 dagger "Godufrol" {heavy, rF+}
rCold   . . .        (no shield)
rNeg    . . .        (helmet restricted)
rPois   .            (no amulet)
rElec   .            t - ring of flight
rCorr   .            (no ring)
SInv    .            (no ring)
Will    .....        (no ring)
Stlth   ++++++       (no ring)
HPRegen 0.29/turn    (no ring)
MPRegen 0.13/turn    (no ring)
                     (no ring)

%: no passive effects
@: heroic, flying, hasted, very quick
A: almost no armour, amphibious, 8 rings, camouflage 1, gelatinous body 1,
(nimble swimmer 1), tentacles
a: Renounce Religion, Heroism


You were on level 7 of the Dungeon.
You worshipped Okawaru.
Okawaru was most pleased with you.
You visited 1 branch of the dungeon, and saw 10 of its levels.
You also visited: Sewer.

You collected 615 gold pieces.

Inventory:

Hand Weapons
 a - the +4 dagger "Godufrol" (weapon) {heavy, rF+}
   (You took it off a centaur on level 8 of the Dungeon)

   rF:        It protects you from fire.
 b - a +0 sling
Missiles
 c - 3 curare-tipped darts
 e - 22 poisoned darts (quivered)
 f - 6 datura-tipped darts
 r - 2 throwing nets
Armour
 z - a +0 buckler
Jewellery
 t - a ring of flight (left tentacle)
 y - a ring of fire
Wands
 d - a wand of light (5)
 j - a wand of roots (5)
 D - a wand of polymorph (8)
 E - a wand of flame (10)
Scrolls
 g - a scroll of teleportation
 h - 5 scrolls of blinking
 i - a scroll of brand weapon
 k - a scroll of poison
 m - a scroll of magic mapping
 q - a scroll of immolation {unknown}
 s - a scroll of torment {unknown}
 u - 5 scrolls of enchant weapon
 v - 2 scrolls of fear {unknown}
 w - 2 scrolls of fog {unknown}
Potions
 l - 2 potions of flight {unknown}
 n - a potion of might
 o - 3 potions of haste
 p - a potion of resistance {unknown}
 x - a potion of berserk rage {unknown}
 A - 2 potions of magic {unknown}
 B - a potion of ambrosia {unknown}
 C - a potion of brilliance {unknown}
 F - a potion of curing


   Skills:
 - Level 3.3(8.3) Fighting
 + Level 6.0(11.0) Short Blades
 - Level 7.0(12.0) Ranged Weapons
 - Level 2.8(7.8) Throwing
 - Level 1.0(6.0) Dodging
 + Level 6.5(11.5) Stealth
 - Level 6.0 Translocations
 - Level 4.0 Invocations
 - Level 2.0 Evocations


You couldn't memorise any spells.
You knew the following spells:

 Your Spells              Type           Power      Damage    Failure   Level
b - Blink                 Tloc           32%        N/A       3%          2
p - Portal Projectile     Hex/Tloc       16%        N/A       26%         3
t - Teleport Other        Tloc           16%        N/A       8%          3

Your spell library contained the following spells:

 Spells                   Type           Power      Damage    Failure   Level
 Lesser Beckoning         Tloc           32%        N/A       3%          2
 Gell's Gravitas          Tloc           16%        N/A       8%          3
 Momentum Strike          Conj/Tloc      16%        3d8       13%         2
 Leda's Liquefaction      Hex/Erth       0%         N/A       96%         4
 Call Canine Familiar     Summ           Unusable   N/A       N/A         3

Dungeon Overview and Level Annotations

Branches:
Dungeon (10/15)            Temple (0/1) D:7           Sewer (visited)
   Lair: D:8-11         Orc: D:9-12

Altars:
Ashenzari
Fedhas
Kikubaaqudgha
Okawaru
Zin

Shops:
D:6 (

Annotations:
D:5 exclusions: 3 doors, 2 hounds, jelly, 2 orc priests and 1 more exclusion
D:6 exclusions: black bear, iguana, jelly, water moccasin, wyvern and 2 more exclusions
D:7 1 transporter, exclusion: downstairs, Joseph
D:8 exclusion: downstairs
D:9 exclusions: upstairs and 2 more exclusions, Maurice
D:10 3 runed translucent doors, exclusion: acid dragon, diceflayer's ghost, novice DsHu


Innate Abilities, Weirdness & Mutations

You cannot wear most types of armour.
You are amphibious.
You can wear up to eight rings at the same time.
Your skin changes colour to match your surroundings (Stealth+).
Your rubbery body absorbs attacks. (AC +1, EV +1)
((You are camouflaged when in or above water. (Stealth+)))
You have tentacles for arms and can constrict up to eight enemies at once.


Message History

Level annotation: 1 transporter, exclusion: downstairs, Joseph
There is a stone staircase leading up here.
You see here a +0 sling.
F - a +0 sling Adjust (i)tems, (s)pells, or (a)bilities?
F - a +0 sling Adjust to which letter? (? for menu, Esc to quit)
b - a +0 sling;
F - a potion of curing
Press: ? - help, . - travel You can't see that place. [the floor.] Really fly into a travel-excluded area?
Uppercase [Y]es or [N]o only, please.
Really fly into a travel-excluded area?
Joseph shouts!
Joseph unwields a +0 quarterstaff.
Joseph wields a +0 sling.
Joseph shoots a sling bullet.
The sling bullet hits you!
Joseph unwields a +0 sling.
Joseph wields a +0 quarterstaff.
Joseph hits you with a +0 quarterstaff!
You feel yourself speed up. Joseph closely misses you.
Okay, then.
You gain the combat prowess of a mighty hero.
You hit Joseph. You grab Joseph. You squeeze Joseph!
Joseph is moderately wounded.
You constrict Joseph, but do no damage. Joseph hits you with a +0 quarterstaff!
You hit Joseph. You squeeze Joseph!
Joseph is moderately wounded.
You constrict Joseph, but do no damage. You hit Joseph.
Joseph is heavily wounded.
You constrict Joseph, but do no damage. Joseph hits you with a +0 quarterstaff!
* * * LOW HITPOINT WARNING * * *
You hit Joseph.
Joseph is heavily wounded.
You constrict Joseph. You puncture Joseph!
You squeeze Joseph, but do no damage.
Joseph is severely wounded.
You constrict Joseph, but do no damage.
Joseph hits you with a +0 quarterstaff!!
You die...

######### #.......#
#.#####.# #####
#.#####.####...######
#.##.........#.......
#.##.##.#############
#.##@##.# #...@...# #
#.......# # #.##.#..#
######### # #.##.#..#
#.......# # #.##.#..#
#.......# # #.......#
#......<# # #......##
#.......# # #.......#
#.......# #


You could see Joseph.

Vanquished Creatures
  Eustachio (D:4)
  2 water moccasins (D:7)
  2 orc warriors
  3 centaurs (D:8)
  A phantom (D:7)
  3 kobold brigands
  3 bullfrogs
  3 scorpions
  A gnoll sergeant (D:8)
  4 killer bees
  3 howler monkeys
  5 orc priests
  2 jellies
  6 iguanas
  8 orc wizards
  4 gnolls (D:8)
  6 adders
  A river rat (Sewer)
  5 worms
  A dart slug (D:4)
  22 orcs
  9 ball pythons
  10 endoplasms
  2 giant cockroaches
  6 goblins
  5 hobgoblins
  4 quokkas
  4 bats
  13 kobolds
  5 rats
144 creatures vanquished.

Vanquished Creatures (others)
  2 fungi (D:10)
  2 plants (D:10)
4 creatures vanquished.

Grand Total: 148 creatures vanquished

Notes
Turn   | Place    | Note
-------+----------+-------------------------------------------
     0 | D:1      | octothorp the Octopode Brigand began the quest for the Orb.
     0 | D:1      | Reached XP level 1. HP: 14/14 MP: 1/1
    89 | D:1      | You fall into a shaft and drop 1 floor!
   455 | D:1      | Reached XP level 2. HP: 15/19 MP: 2/2
   666 | D:1      | Found a faded altar of an unknown god.
   717 | D:1      | Prayed at the altar of an unknown god.
   717 | D:1      | Became a worshipper of Warmaster Okawaru
   717 | D:1      | Reached * piety under Okawaru
  1082 | D:2      | Reached XP level 3. HP: 17/25 MP: 3/3
  1703 | D:3      | Reached skill level 1 in Ranged Weapons
  1771 | D:3      | Found a glowing drain.
  1775 | Sewer    | Entered a sewer
  1866 | Sewer    | Reached XP level 4. HP: 25/30 MP: 4/4
  2075 | Sewer    | Reached skill level 2 in Ranged Weapons
  2129 | Sewer    | Noticed a kobold brigand
  2142 | Sewer    | Killed a kobold brigand
  2143 | Sewer    | Reached skill level 3 in Ranged Weapons
  2143 | Sewer    | Reached XP level 5. HP: 24/35 MP: 3/5
  2556 | D:3      | Reached skill level 4 in Ranged Weapons
  2756 | D:3      | Found a glowing silver altar of Zin.
  2756 | D:3      | Found a broken altar of Ashenzari.
  2898 | D:4      | Reached ** piety under Okawaru
  2899 | D:4      | Reached XP level 6. HP: 26/41 MP: 6/6
  3043 | D:4      | Reached skill level 5 in Ranged Weapons
  3161 | D:4      | Noticed Eustachio
  3276 | D:4      | Killed Eustachio
  3445 | D:4      | Reached skill level 6 in Ranged Weapons
  3592 | D:4      | Reached XP level 7. HP: 45/45 MP: 7/7
  3627 | D:4      | Reached skill level 1 in Invocations
  3661 | D:4      | Learned a level 2 spell: Blink
  3745 | D:4      | Reached skill level 1 in Translocations
  4130 | D:5      | Entered Level 5 of the Dungeon
  4273 | D:5      | Found a blossoming altar of Fedhas.
  5358 | D:6      | Noticed a wyvern
  5526 | D:6      | Found Abaurr's Weapon Shop.
  5736 | D:7      | Noticed Joseph
  5867 | D:7      | Found a transporter.
  5890 | D:7      | Reached skill level 1 in Evocations
  5890 | D:7      | Reached XP level 8. HP: 30/51 MP: 10/10
  6733 | D:7      | Found a staircase to the Ecumenical Temple.
  7237 | D:7      | Learned a level 3 spell: Teleport Other
  7544 | D:8      | Reached skill level 7 in Ranged Weapons
  7622 | D:8      | Reached skill level 5 in Translocations
  7842 | D:9      | Noticed a yak
  7896 | D:8      | Identified the +4 dagger "Godufrol" {heavy, rF+}
  7927 | D:8      | Reached XP level 9. HP: 36/57 MP: 12/12
  8130 | D:8      | Reached *** piety under Okawaru
  9054 | D:9      | Reached skill level 5 in Short Blades
  9364 | D:9      | Noticed Maurice
  9736 | D:9      | Noticed a cyclops
  9757 | D:10     | Entered Level 10 of the Dungeon
  9759 | D:10     | Found an iron altar of Okawaru.
  9811 | D:10     | Found a runed translucent gate.
  9811 | D:10     | Found a runed translucent gate.
  9811 | D:10     | Noticed diceflayer's ghost (novice DsHu)
  9811 | D:10     | Noticed a kobold demonologist
  9812 | D:10     | Found a runed translucent gate.
  9814 | D:10     | Noticed a kobold demonologist
  9863 | D:10     | Learned a level 3 spell: Portal Projectile
 10087 | D:10     | Found an ancient bone altar of Kikubaaqudgha.
 10354 | D:7      | Slain by Joseph

Illustrated notes

Levels and vault maps discovered:
D:1:      lightli_arrival_isolated_outpost, layout_basic,
          ebering_ecumenical_altar_petrified, chequers_jeans
D:2:      layout_basic
D:3:      layout_rooms, gammafunk_temple_overflow_elements,
          gup_sewer_entry_bowl, kennysheep_big_empty_room
D:4:      layout_cave_pods, uniq_eustachio
D:5:      layout_gridville, mainiacjoe_overflow_concentric_impassable
D:6:      layout_basic, serial_shops, nicolae_shop_tiny_real_fake_doors
D:7:      gammafunk_beogh_shrine, layout_loops_cross, temple_doors_cd,
          uniq_joseph
D:8:      layout_gridville
D:9:      minmay_the_grid_triangle_9x9_recursive_2_mashed
          [minmay_the_grid_triangle_9x9_prize_schism,
          minmay_the_grid_triangle_9x9_odd_lines,
          minmay_the_grid_triangle_9x9_from_above,
          minmay_the_grid_triangle_9x9_shrine], layout_rooms,
          grunt_ministairs_10, uniq_maurice
D:10:     layout_cave_pools, overflow_temple_1_default, lemuel_doored_altar,
          gammafunk_ghost_nasty_kobolds

Skill      XL: |  1  2  3  4  5  6  7  8  9 |
---------------+----------------------------+-----
Ranged Weapons | 1 3 4 6 7 |  7.0
Invocations    | 3 4 |  4.0
Translocations | 3 6 |  6.0
Evocations     | 1 2 |  2.0
Fighting       | 3 |  3.3
Stealth        | 6 |  6.5
Short Blades   | 6 |  6.0
Throwing       | |  2.8
Dodging        | |  1.0

Action                     |  1- 3 |  4- 6 |  7- 9 || total
---------------------------+-------+-------+-------++-------
  Melee: Dagger            |    55 |    41 |   184 ||   280
         Constrict         |    13 |    12 |    24 ||    49
         Tentacles         |     6 |     7 |    33 ||    46
         Punch             |     1 |     1 |     3 ||     5
   Fire: Sling             |    13 |    90 |   160 ||   263
  Throw: Dart              |    14 |    14 |    77 ||   105
   Cast: Blink             |       |       |     5 ||     5
 Invoke: Heroism           |       |     2 |     6 ||     8
  Evoke: Wand              |       |     1 |     5 ||     6
    Use: Scroll            |     3 |     1 |     8 ||    12
         Potion            |       |     1 |    12 ||    13
   Stab: Sleeping          |     5 |     3 |     2 ||    10
         Distracted        |       |     1 |       ||     1
 Armour: Skin              |     4 |       |    95 ||    99
  Dodge: Dodged            |    24 |    31 |   127 ||   182
